 Dungeon Crawl Stone Soup version 0.26-a0-50-gc4d14cd (webtiles) character file.

Game seed: 12699239674490142509

304 smeego the Slasher (level 6, -6/43 HPs)
             Began as an Octopode Fighter on June 5, 2020.
             Mangled by Duvessa
             ... wielding a +0 rapier
              (14 damage)
             ... on level 4 of the Dungeon.
             The game lasted 00:04:14 (2693 turns).

smeego the Slasher (Octopode Fighter)               Turns: 2693, Time: 00:04:14

Health: -6/43      AC:  1    Str: 15    XL:     6   Next: 38%
Magic:  6/6        EV: 12    Int: 10    God:
Gold:   170        SH: 10    Dex: 14    Spells: 5/5 levels left

rFire    . . .     SeeInvis .   a - +1 long sword
rCold    . . .     Gourm    .   b - +1 kite shield
rNeg     . . .     Faith    .   (helmet restricted)
rPois    .         Spirit   .   l - amulet of regeneration
rElec    .         Reflect  .   i - ring of stealth
rCorr    .         Harm     .   (no ring)
MR       .....                  (no ring)
Stlth    ++++......             (no ring)
HPRegen  0.54/turn              (no ring)
MPRegen  0.10/turn              (no ring)
                                (no ring)
                                (no ring)

@: mighty
A: almost no armour, stealthy swim, amphibious, 8 rings, constrict 8, camouflage
1, gelatinous body 1
a: no special abilities


You were on level 4 of the Dungeon.
You were not hungry.

You visited 1 branch of the dungeon, and saw 4 of its levels.

You collected 170 gold pieces.

Inventory:

Hand Weapons
 a - a +1 long sword (weapon)
Missiles
 f - 52 bolts
Armour
 b - a +1 kite shield (worn)
Jewellery
 i - a ring of stealth (left tentacle)
 l - an amulet of regeneration (around mantle)
Scrolls
 j - 6 scrolls of remove curse
 k - 2 scrolls of teleportation
 n - a scroll of identify
 p - a scroll of enchant weapon
Potions
 e - a potion of cancellation {unknown}
 g - 2 potions of haste {unknown}
 m - a potion of brilliance {unknown}
 o - a potion of curing {unknown}
 r - a potion of berserk rage {unknown}
 s - 2 potions of invisibility {unknown}
Comestibles
 d - 7 rations
 h - a chunk of flesh


   Skills:
 + Level 3.7 Fighting
 * Level 3.8 Long Blades
 + Level 3.7 Dodging
 + Level 3.2 Stealth
 + Level 3.7 Shields
 + Level 2.0 Unarmed Combat


You had 5 spell levels left.
You didn't know any spells.
Your spell library was empty.

Dungeon Overview and Level Annotations

Branches:
Dungeon (4/15)
 Temple: D:4-7

Altars:

Annotations:
D:2 1 runed translucent door, Crazy Yiuf
D:4 Duvessa


Innate Abilities, Weirdness & Mutations

You cannot wear most types of armour.
You are very stealthy in the water. (Stealth+)
You are amphibious.
You can wear up to eight rings at the same time.
You can use your tentacles to constrict eight enemies at once.
Your skin changes colour to match your surroundings (Stealth+).
Your rubbery body absorbs attacks. (AC +1, EV +1)


Message History

Duvessa misses you.
You riposte.
You hit Duvessa.
Duvessa is severely wounded.
Unknown command.
You slash Dowan!
You kill Dowan!
Duvessa weeps, then rights herself and shakes her weapon.
Duvessa goes berserk!
You constrict Duvessa, but do no damage.
Duvessa hits you with a +0 rapier! Duvessa barely misses you.
Unknown command.
Your shield prevents you from hitting Duvessa.
Duvessa is severely wounded.
You constrict Duvessa. Duvessa hits you with a +0 rapier!
Duvessa hits you with a +0 rapier.
* * * LOW HITPOINT WARNING * * *
Unknown command.
You slash Duvessa!
Duvessa is almost dead.
You constrict Duvessa. Duvessa hits you with a +0 rapier!
You die...

.# #.# *,* *,* .# #.# *<* *,*
.# #.# *,* *,* .# #.# *,* *,*
.# #.# *,* *,* .####.#
*,********* *,* ......#
*,,,,,,,,,* *,* #####.#
*########.###****,****
#.#######..)@e?.....,,,,,,,,,
#.........##########*********
###########


You could see Duvessa (berserk).

Vanquished Creatures
  Dowan (D:4)
  A scorpion (D:4)
  3 orc wizards (D:4)
  5 adders
  2 worms
  2 dart slugs
  A leopard gecko (D:3)
  3 orcs
  3 bats
  7 giant cockroaches
  8 goblins
  5 hobgoblins
  6 jackals
  9 kobolds
  A quokka (D:3)
  9 frilled lizards
  7 rats
73 creatures vanquished.

Notes
Turn   | Place    | Note
-------+----------+-------------------------------------------
     0 | D:1      | smeego the Octopode Fighter began the quest for the Orb.
     0 | D:1      | Reached XP level 1. HP: 16/16 MP: 1/1
   153 | D:1      | Reached XP level 2. HP: 21/21 MP: 2/2
  1112 | D:2      | Found a runed translucent door.
  1113 | D:2      | Noticed Crazy Yiuf
  1295 | D:2      | Reached skill level 1 in Stealth
  1295 | D:2      | Reached XP level 3. HP: 26/26 MP: 3/3
  1606 | D:3      | Reached skill level 1 in Unarmed Combat
  1697 | D:3      | Reached XP level 4. HP: 31/31 MP: 4/4
  2430 | D:4      | Reached XP level 5. HP: 36/36 MP: 5/5
  2474 | D:4      | Reached XP level 6. HP: 39/43 MP: 6/6
  2679 | D:4      | Noticed Dowan
  2681 | D:4      | Noticed Duvessa
  2691 | D:4      | Killed Dowan
  2693 | D:4      | Mangled by Duvessa

Illustrated notes

Levels and vault maps discovered:
D:1:      dpeg_arrival_signposts, layout_loops_ring, minmay_misc_feat_pillars,
          minmay_misc_feat_square
D:2:      layout_loops_ring, first_ration, uniq_crazy_yiuf_cottage
D:3:      minmay_spotlight, layout_rooms, minivault_24, grunt_ministairs_8
D:4:      minmay_chambers_of_twos, layout_loops_ring,
          nemelex_xobeh_ov_fountains_minmay, uniq_duvessa

Skill      XL: |  1  2  3  4  5  6 |
---------------+-------------------+-----
Stealth        | 1 2 3 |  3.2
Unarmed Combat | 1 2 |  2.0
Long Blades    | 3 |  3.8
Fighting       | |  3.7
Dodging        | |  3.7
Shields        | |  3.7

Action                   |  1- 3 |  4- 6 || total
-------------------------+-------+-------++-------
Melee: Long sword        |    65 |    70 ||   135
       Constrict         |    22 |    20 ||    42
       Tentacles         |    17 |    15 ||    32
  Use: Scroll            |     2 |     5 ||     7
       Potion            |       |     1 ||     1
 Stab: Sleeping          |     6 |    11 ||    17
  Eat: Chunk             |     2 |     4 ||     6
Armor: Skin              |     4 |     2 ||     6
Dodge: Dodged            |    19 |    25 ||    44
Block: Kite shield       |    25 |    29 ||    54
       Rpst.: Long sword |     4 |    10 ||    14

Table legend:
 A = Non-vault XP
 B = Vault XP
 C = Vault XP percentage of total XP
 D = Non-vault monster count
 E = Vault monster count
 F = Vault count percentage of total count
                 A         B        C        D         E       F
            +---------+---------+-------+---------+---------+-------
      Total |     353 |      82 |  18.9 |      70 |       3 |   4.1
            +---------+---------+-------+---------+---------+-------
        D:1 |      22 |       0 |   0.0 |      13 |       0 |   0.0
        D:2 |      27 |       0 |   0.0 |      15 |       0 |   0.0
        D:3 |      93 |      15 |  13.9 |      31 |       2 |   6.1
        D:4 |     211 |      67 |  24.1 |      11 |       1 |   8.3
            +---------+---------+-------+---------+---------+-------
